 Dungeon Crawl Stone Soup version 0.32-a0-791-gfc315c9ecd (webtiles) character file.

Game seed: 1347213176565564517

8 Griffin23 the Shield-Bearer (level 2, -3/27 HPs)
             Began as a Minotaur Fighter on Mar 20, 2024.
             Slain by Sigmund
             ... wielding a +1 scythe of flaming
              (6 damage)
             ... on level 2 of the Dungeon.
             The game lasted 00:01:50 (988 turns).

Griffin23 the Shield-Bearer (Minotaur Fighter)       Turns: 988, Time: 00:01:51

Health: -3/27      AC:  9    Str: 18 (20) XL:     2   Next: 0%
Magic:  1/1        EV:  6    Int:  2 (5)  God:
Gold:   76         SH:  4    Dex:  8 (9)  Spells: 1/1 levels left

rFire   . . .        a - +0 long sword
rCold   . . .        c - +0 buckler
rNeg    . . .        h - +0 chain mail
rPois   .            (helmet restricted)
rElec   .            (no cloak)
rCorr   .            (no gloves)
SInv    .            (no boots)
Will    .....        (no amulet) Stlth
                     (no ring)
HPRegen 0.24/turn    (no ring)
MPRegen 0.07/turn

%: no passive effects
@: mighty
A: horns 2, retaliatory headbutt
a: no special abilities


You were on level 2 of the Dungeon.
You visited 1 branch of the dungeon, and saw 2 of its levels.

You collected 76 gold pieces.

Inventory:

Hand Weapons
 a - a +0 long sword (weapon)
Armour
 b - a +0 scale mail
 c - a +0 buckler (worn)
 h - a +0 chain mail (worn)
Jewellery
 f - a ring of wizardry
Scrolls
 e - a scroll of amnesia


   Skills:
 + Level 3.8 Fighting
 + Level 2.6 Long Blades
 + Level 3.8 Armour
 + Level 3.8 Shields


You had one spell level left.
You didn't know any spells.
Your spell library contained the following spells:

 Spells                   Type           Power      Damage    Failure   Level
 Summon Blazeheart Golem  Fire/Summ      0%         N/A       100%        4
 Orb of Destruction       Conj           0%         9d5       100%        7
 Spellforged Servitor     Conj/Summ      0%         N/A       100%        7


Dungeon Overview and Level Annotations

Branches:
Dungeon (2/15)

Altars:
Trog

Annotations:
D:2 Sigmund


Innate Abilities, Weirdness & Mutations

You have a pair of horns on your head.
You reflexively headbutt those who attack you in melee.


Message History

You are too confused!
You are too confused!
You are too confused!
You are too confused!
Sigmund attacks as he pursues you! Sigmund closely misses you.
Sigmund gestures at you while chanting. The puff of flame hits you.
You bump into the rock wall.
Sigmund casts a spell at you.
The magic dart hits you but does no damage.
You're too confused to move!
You feel less confused. You block Sigmund's attack.
The goblin shoots a sling bullet.
The sling bullet closely misses you.
You hear a loud squeak.
Sigmund barely misses you.
You closely miss Sigmund.
The goblin unwields a +0 sling.
The goblin wields a +0 dagger.
You block the goblin's attack. Sigmund casts a spell at you.
The magic dart hits you.
You closely miss Sigmund. You block the goblin's attack.
Sigmund hits you but does no damage.
You closely miss Sigmund. You headbutt Sigmund!
Sigmund is heavily wounded.
You block the goblin's attack.
Sigmund hits you with a +1 scythe of flaming!
* * * LOW HITPOINT WARNING * * *
Sigmund burns you.
* * * LOW HITPOINT WARNING * * *
The goblin completely misses you.
As you read the scroll labelled NIETOO PILUH, it crumbles to dust.
It is a scroll of identify.
e - a scroll of amnesia You block the goblin's attack.
It was a potion of degeneration.
There was something very wrong with that liquid.
You feel weakened.
You feel dopey.
You feel clumsy.
Sigmund hits you with a +1 scythe of flaming.
You die...
Sigmund begins carving another notch in his scythe.

.... .... .....
..... ...... #.#.
#.....##### ..#.#
#......g..# ...#
..._...@@.####..#
#..............##
#...............#
##............#..
#............#
#............# #
#............###.#
#................#
#########....>####


You could see Sigmund and a goblin.

Vanquished Creatures
  A bat (D:1)
  A hobgoblin (D:1)
  A quokka (D:1)
  2 ball pythons (D:1)
  2 kobolds
  A rat (D:1)
8 creatures vanquished.

Notes
Turn   | Place    | Note
-------+----------+-------------------------------------------
     0 | D:1      | Griffin23 the Minotaur Fighter began the quest for the Orb.
     0 | D:1      | Reached XP level 1. HP: 19/19 MP: 0/0
   827 | D:2      | Reached XP level 2. HP: 27/27 MP: 1/1
   972 | D:2      | Found a bloodstained altar of Trog.
   973 | D:2      | Noticed Sigmund
   988 | D:2      | Slain by Sigmund

Illustrated notes

Levels and vault maps discovered:
D:1:      minmay_arrival_four_loops, layout_basic
D:2:      minmay_inner_zag, layout_basic, basic_altar, serial_shops, shop,
          shapermc_ecumenical_altar_ellora, st_stairs_14, minmay_surrounded,
          uniq_sigmund

Action                     || total
---------------------------++-------
  Melee: Long sword        ||    18
         Headbutt          ||     5
    Use: Potion            ||     2
         Scroll            ||     1
 Armour: Scale mail        ||     8
         Chain mail        ||     6
  Dodge: Dodged            ||     8
  Block: Buckler           ||    11

Table legend: (Time is in decaauts)
 A = Elapsed time spent in this place.
 B = Non-inter-level travel time spent in this place.
 C = Inter-level travel time spent in this place.
 D = Time resting spent in this place.
 E = Time spent auto-exploring this place.
 F = Levels seen in this place.
 G = Mean time per level.
                   A        B        C        D        E       F      G
               +--------+--------+--------+--------+--------+-----+--------+
         Total |    993 |    962 |     31 |      0 |    867 |   2 |  496.5 |
       Dungeon |    993 |    962 |     31 |      0 |    867 |   2 |  496.5 |
               +--------+--------+--------+--------+--------+-----+--------+

Top non-repeatable levels by time:
     D:1: 791 daAuts
     D:2: 201 daAuts
